[Event "Late-Titled-Tuesday-Blitz-September-19-2023"]
[Site "Chess.com"]
[Date "2023.09.19"]
[Round "4"]
[White "sergoy"]
[Black "amanmuhammethommadov"]
[Result "1-0"]
[WhiteElo "2911"]
[BlackElo "2565"]
[TimeControl "180+1"]
[EndTime "14:38:38 PDT"]
[Termination "sergoy won by resignation"]

1. d4 Nf6 2. c4 g6 3. Nf3 Bg7 4. g3 O-O 5. Bg2 d6 6. O-O c6 7. Nc3 Bf5 8. Ne1 e5 9. d5 cxd5 10. cxd5 Bd7 11. e4 b5 12. Nd3 a5 13. a3 a4 14. h3 Na6 15. Be3 Qa5 16. Na2 Rfc8 17. Nab4 Rc4 18. Nxa6 Qxa6 19. Nb4 Qa5 20. Rc1 Rac8 21.
Rxc4 Rxc4 22. Qd3 Qc7 23. Rd1 h5 24. f3 Kh7 25. Qd2 Qc8 26. Bf1 Rc7 27. Rc1 Rxc1 28. Qxc1 Qb7 29. h4 Ng8 30. Bf2 Bh6 31. Qc3 Ne7 32.
Nc2 f5 33. Nb4 fxe4 34. fxe4 Ng8 35. Qf3 Kg7 36. Qd3 Nf6 37. Be2 Qc8 38. Kg2 Bh3+ 39. Kh2 Bd7 40. Kg2 Qc1 41. Nc6 Qxb2 42. Qxb5 Qxb5 43.
Bxb5 Nxe4 44. Bxa4 Nxf2 45. Kxf2 Bc1 46. Bc2 Bxa3 47.
Ne7 Bc5+ 48. Kf3 Bg4+ 49. Kg2 Kf6 50. Nxg6 Bf5 51. Bxf5 Kxf5 52. Ne7+ Ke4 53. g4 hxg4 54. h5 Be3 55. Kg3 Bc1 56. Kxg4 Kd4 57. Kf5 e4 58. Ke6 e3 59. Nf5+ Kc5 60. Ng3 Bd2 61.
Ne2 Kc4 62. h6 Bc3 63. Nxc3 Kxc3 64. h7 e2 65. h8=Q+ Kd3 66. Qh4 e1=Q+ 67. Qxe1 Kc4 68.
Kxd6 1-0

[Event "Late-Titled-Tuesday-Blitz-September-19-2023"]
[Site "Chess.com"]
[Date "2023.09.19"]
[Round "4"]
[White "CarlssonLudvig"]
[Black "nihalsarin"]
[Result "0-1"]
[WhiteElo "2716"]
[BlackElo "3100"]
[TimeControl "180+1"]
[EndTime "14:38:39 PDT"]
[Termination "nihalsarin won on time"]

1. Nf3 c5 2. c4 Nf6 3. Nc3 d5 4.
cxd5 Nxd5 5. e4 Nb4 6. Bb5+ N8c6 7. d4 cxd4 8. a3 Bd7 9. axb4 dxc3 10. bxc3 g6 11. Qb3 Bg7 12. O-O O-O 13. Rd1 Qc7 14. h3 Be6 15. Bc4 Na5 16. Rxa5 Bxc4 17. Qb2 b6 18.
Ra3 a5 19. Be3 a4 20. Bd4 e5 21. Be3 Rfc8 22. Nd2 Be6 23. c4 Bxc4 24. Nxc4 Qxc4 25. Bxb6 Rcb8 26. Rc1 Qxe4 27. Bc5 Bf8 28. Qc2 Qxc2 29. Rxc2 Bxc5 30. bxc5 Rb3 31. Rxb3 axb3 32. Rb2 Rc8 33. Rxb3 Rxc5 34. h4 Kg7 35. g3 f5 36. Kg2 e4 37.
Rb7+ Kh6 38. Re7 Rc2 39. Kf1 Ra2 40. Kg2 Rb2 41. Kf1 Rb8 42. Ke2 Rg8 43. Ke3 Rg7 44.
Re8 Kh5 45. Rh8 Kg4 46. Re8 Ra7 47. Rh8 Ra3+ 48. Ke2 Kh3 49. Rxh7 Kg2 50. Rg7 Ra2+ 51.
Ke3 Rxf2 52. Rxg6 Rf3+ 53. Kd4 Rd3+ 54. Ke5 Rxg3 55. Rf6 e3 56. Kxf5 Rf3+ 0-1

[Event "Late-Titled-Tuesday-Blitz-September-19-2023"]
[Site "Chess.com"]
[Date "2023.09.19"]
[Round "4"]
[White "krzyzan94"]
[Black "JackRodgers"]
[Result "1-0"]
[WhiteElo "2794"]
[BlackElo "2502"]
[TimeControl "180+1"]
[EndTime "14:38:40 PDT"]
[Termination "krzyzan94 won by checkmate"]

1. e4 c5 2. Nf3 g6 3. Bc4 Bg7 4. c3 e6 5. d4 cxd4 6. Bb3 d3 7.
Qxd3 Nc6 8. O-O Nge7 9. Rd1 O-O 10. Qd6 Qa5 11. Na3 Qh5 12. Bg5 f6 13. Be3 g5 14.
h3 g4 15. hxg4 Qxg4 16. Qf4 Qh5 17. Nc4 Ng6 18. Qg3 Kh8 19. Nd6 Nce5 20. Nh2 a5 21. a4 Nf7 22. Nxc8 Raxc8 23. Rxd7 Nfe5 24. Rxb7 Rb8 25. Rxb8 Rxb8 26. Bxe6 Rxb2 27. Ng4 Rc2 28. Bd4 Qg5 29. Nxe5 Rc1+ 30. Rxc1 Qxc1+ 31. Kh2 fxe5 32. Be3 Qxc3 33. Bf5 Qc6 34. Qh3 Kg8 35. Qh5 Qf6 36. g3 Bf8 37. Bg5 Qg7 38. Qd1 Qf7 39. Qd2 Ne7 40.
Bxe7 Bxe7 41. Qxa5 Qh5+ 42. Kg2 Qf7 43. Qa8+ Kg7 44.
a5 Bc5 45. Qb8 Qe7 46. Qb5 Qd6 47. a6 Qd4 48. Qd7+ Qxd7 49. Bxd7 Kf6 50. f4 h6 51. Kf3 Ke7 52. Bg4 Kf6 53. Bh5 Bb6 54. Kg4 Ke6 55. Bg6 Kf6 56. Bf5 Ba7 57. Kh5 exf4 58. gxf4 Kg7 59.
e5 Be3 60. Be4 Ba7 61. f5 Bd4 62. f6+ Kf7 63. Bd5+ Kf8 64. Kxh6 Be3+ 65. Kg6 Ba7 66. e6 Bc5 67. e7+ Ke8 68. Bc6# 1-0

[Event "Late-Titled-Tuesday-Blitz-September-19-2023"]
[Site "Chess.com"]
[Date "2023.09.19"]
[Round "4"]
[White "alexrustemov"]
[Black "BigAl"]
[Result "1/2-1/2"]
[WhiteElo "2787"]
[BlackElo "2555"]
[TimeControl "180+1"]
[EndTime "14:38:43 PDT"]
[Termination "Game drawn - insufficient material"]

1. d4 Nf6 2. c4 g6 3. Nf3 Bg7 4. g3 O-O 5. Bg2 d6 6. Nc3 Nbd7 7. O-O e5 8. e4 c6 9. h3 Qa5 10. Be3 Nb6 11. Nd2 Qa6 12. b3 Ng4 13. hxg4 exd4 14. Bxd4 Bxd4 15. Rc1 Qa5 16. Ne2 Bxg4 17. Bf3 Bxf3 18.
Nxf3 Be5 19. Qd2 Qxd2 20. Nxd2 Rfe8 21. Rcd1 a5 22. Nc1 a4 23. Nd3 axb3 24. axb3 Bg7 25. c5 dxc5 26. Nxc5 Re7 27. Nc4 Nxc4 28. bxc4 b6 29.
Rd7 Rxd7 30. Nxd7 b5 31. cxb5 cxb5 32. Rb1 Ra1 33. Rxa1 Bxa1 34. Kf1 h5 35. Nc5 g5 36. f4 gxf4 37. gxf4 Bd4 38. Nb3 Be3 39. f5 Bf4 40.
Kg2 Be5 41. Kh3 Kg7 42. Nc5 b4 43. Kh4 Kh6 44. Nb3 Bf6+ 45. Kg3 Kg5 46. Kf3 Be5 47. Nc5 h4 48. Nb3 h3 49. Nc5 Bc3 50. Kg3 Be1+ 51. Kxh3 Kf4 52. Nd3+ Kxe4 53. Nc5+ Kxf5 54. Kg2 Bc3 55. Kf3 Ke5 56. Nb3 Kd5 57. Ke2 Kc4 58.
Na5+ Kb5 59. Nb3 Ka4 60. Nc5+ Ka3 61. Kd3 Bg7 62. Kc4 f5 63. Nd3 Bc3 64. Nc5 Bd2 65. Kd3 Be1 66. Ke2 Bc3 67. Ke3 b3 68. Nxb3 Kxb3 69.
Kf4 Kc4 70. Kxf5 1/2-1/2

[Event "Late-Titled-Tuesday-Blitz-September-19-2023"]
[Site "Chess.com"]
[Date "2023.09.19"]
[Round "4"]
[White "mac0504"]
[Black "wild3000"]
[Result "0-1"]
[WhiteElo "2571"]
[BlackElo "2473"]
[TimeControl "180+1"]
[EndTime "14:38:45 PDT"]
[Termination "wild3000 won on time"]

1. c4 e5 2. Nc3 Nf6 3. e3 d6 4.
Nf3 g6 5. d4 exd4 6. Nxd4 Bg7 7. Be2 O-O 8. O-O Nc6 9. Nxc6 bxc6 10. Bf3 Bd7 11. Qc2 Rb8 12. b3 Bf5 13. Qd2 Qd7 14. Bb2 Bg4 15. Bxg4 Nxg4 16. h3 Nf6 17. Rad1 Rfe8 18.
Qc2 Qe6 19. Rfe1 Ne4 20. Nxe4 Qxe4 21. Qxe4 Rxe4 22. Bxg7 Kxg7 23. f3 Re5 24. Kf2 f5 25. Rd3 a5 26. Rc1 a4 27. c5 axb3 28. axb3 Rxc5 29. Rxc5 dxc5 30. Rd7+ Kf6 31. Rxh7 Rxb3 32.
Rxc7 Rb2+ 33. Kf1 Rb6 34. Ke2 c4 35. Kd2 Ke5 36. Kc3 Kd5 37. Rd7+ Kc5 38. Rg7 Rb3+ 39. Kc2 Rxe3 40. Rxg6 f4 41. h4 Kd4 42. Rd6+ Kc5 43.
Rf6 Kb4 44. Rxc6 Re2+ 45. Kd1 Rxg2 46. Rf6 Kc3 47. Rxf4 Kd3 48. Ke1 c3 49. Rf8 c2 50.
Rd8+ Ke3 51. Re8+ Kxf3 52. Rf8+ Ke3 53. Re8+ Kf4 54. Rc8 Ke3 55. Re8+ Kd3 56. Rd8+ Kc3 57. Rc8+ Kb2 58. Rb8+ Kc1 59. h5 Rh2 60. Rb5 Rh1+ 61. Ke2 Rh2+ 62. Ke1 Rh4 63. Ke2 Re4+ 64. Kd3 Rh4 0-1

[Event "Late-Titled-Tuesday-Blitz-September-19-2023"]
[Site "Chess.com"]
[Date "2023.09.19"]
[Round "4"]
[White "midedu"]
[Black "Qvalda"]
[Result "0-1"]
[WhiteElo "2029"]
[BlackElo "2337"]
[TimeControl "180+1"]
[EndTime "14:38:45 PDT"]
[Termination "Qvalda won on time"]

1. e4 e6 2. d3 d5 3. Nd2 Nc6 4. Ngf3 dxe4 5. dxe4 e5 6. Bc4 Be7 7. O-O Nf6 8. c3 O-O 9. h3 a6 10. a4 Rb8 11. a5 h6 12. Qe2 Bc5 13. Rd1 Qe7 14.
Nf1 Be6 15. Ng3 Rbd8 16. Bd2 Kh7 17. b4 Ba7 18. Be1 g6 19. Rd2 Rxd2 20. Bxd2 Rd8 21. Re1 Kg7 22. Bc1 Ng8 23. Kf1 Qd7 24. Bxe6 Qxe6 25. Nd2 Nf6 26. Nc4 Rd7 27. Ne3 Ne7 28. Rd1 Rxd1+ 29. Qxd1 Qc6 30. Qd3 Bxe3 31. Bxe3 Nc8 32.
f3 Nd6 33. Bc5 Qb5 34. Ke2 Nc4 35. Nf1 b6 36. Bf2 bxa5 37. bxa5 Nxa5 38. Qxb5 axb5 39. Kd3 Kf8 40. Nd2 Ke7 41. Bc5+ Kd7 42. g4 Nb7 43. Be3 h5 44. c4 c6 45. Kc3 hxg4 46. hxg4 Kd6 47. cxb5 cxb5 48. Kb4 Kc6 49. Nb1 Ne8 50.
Nc3 Nc7 51. Bf2 Na6+ 52. Kb3 Nbc5+ 53. Kc2 Ne6 54. Nd5 Nd4+ 55. Bxd4 exd4 56. Kd3 Kc5 57. Nf4 Nb4+ 58. Kd2 Kc4 59. e5 Nc6 60. e6 fxe6 61.
Nxe6 b4 62. f4 b3 63. f5 gxf5 64. gxf5 d3 65. f6 b2 66. f7 b1=Q 67. f8=Q Qc2+ 68. Ke3 Qe2+ 69. Kf4 Qxe6 0-1

[Event "Late-Titled-Tuesday-Blitz-September-19-2023"]
[Site "Chess.com"]
[Date "2023.09.19"]
[Round "4"]
[White "dretch"]
[Black "GoltsevDmitry2000"]
[Result "1-0"]
[WhiteElo "2850"]
[BlackElo "2653"]
[TimeControl "180+1"]
[EndTime "14:38:47 PDT"]
[Termination "dretch won by resignation"]

1. d4 e6 2. c4 Nf6 3. Nc3 d5 4. cxd5 exd5 5. Bg5 c6 6. e3 Bf5 7. Qf3 Bg6 8. Bxf6 Qxf6 9. Qxf6 gxf6 10. Nf3 Nd7 11. Nh4 Bb4 12. Rc1 f5 13. a3 Be7 14.
Nf3 Bd6 15. g3 Nf6 16. Nh4 Ng4 17. Bd3 f4 18. Nxg6 hxg6 19. gxf4 Rh3 20. Bf1 Rh4 21. Rg1 Ke7 22. h3 Nh6 23. Kd2 Nf5 24. Ne2 Rah8 25.
Ng3 Nxd4 26. exd4 Bxf4+ 27. Kd1 Bxc1 28. Kxc1 Rxd4 29. Ne2 Rdh4 30. Rg3 R8h5 31. Rb3 b6 32. Bg2 Rg5 33. Bh1 Kd6 34. Rf3 Re5 35. Kd2 f5 36. Rg3 Re6 37. f4 c5 38. Bg2 d4 39. b3 a6 40. a4 Rh8 41. Bf1 Rhe8 42. Nc1 Rh8 43. Bc4 Rf6 44. Bxa6 Rh4 45. Nd3 Ke7 46. Bc4 Kf8 47.
Ne5 Kg7 48. Nd3 Rf8 49. Ke2 Re8+ 50. Kf2 Re3 51. Kg2 Rxg3+ 52. Kxg3 Rh8 53. Ne5 Rd8 54. h4 Kf6 55. Kf3 Rd6 56. Bd3 Rd8 57. Nc4 Rb8 58. Nd2 Rh8 59. Kg3 Re8 60. Nc4 Re1 61. Nxb6 Re4 62.
Kf2 Rxf4+ 63. Kg3 Rg4+ 64. Kh3 Rf4 65. Nd5+ Ke5 66. Nxf4 Kxf4 67. a5 Ke3 68. Bc4 d3 69. Bxd3 Kxd3 70. a6 f4 71. a7 f3 72. a8=Q f2 73.
Qf3+ 1-0

[Event "Late-Titled-Tuesday-Blitz-September-19-2023"]
[Site "Chess.com"]
[Date "2023.09.19"]
[Round "4"]
[White "Sokoloco"]
[Black "IamSchrodingersCat"]
[Result "1-0"]
[WhiteElo "2672"]
[BlackElo "2507"]
[TimeControl "180+1"]
[EndTime "14:38:53 PDT"]
[Termination "Sokoloco won by resignation"]

1. b3 Nf6 2. Bb2 g6 3. Nf3 Bg7 4. g3 O-O 5. d4 d6 6. Bg2 Nbd7 7. O-O Re8 8. c4 c6 9. Nc3 e5 10. dxe5 dxe5 11. Qc2 Qc7 12. Nd2 Nc5 13. Rad1 Bf5 14. e4 Bg4 15. f3 Bd7 16. Ne2 Rad8 17. b4 Ne6 18. c5 b5 19. Nb3 Bc8 20. Qc3 Nh5 21. Qc2 Nf6 22. Rxd8 Rxd8 23. Rd1 h5 24. Rxd8+ Nxd8 25. Qd2 Nb7 26. Qc3 Ne8 27. Nec1 Be6 28. Nd3 f6 29. f4 exf4 30. Nxf4 Bf7 31. Bh3 Qd8 32. Qd4 Qe7 33. Qd3 Nc7 34. Nd4 Be8 35.
Qb3+ Kh7 36. Qf3 a5 37. a3 axb4 38. axb4 Na6 39. Bc3 Nc7 40. Nfe6 Nxe6 41. Nxe6 Bf7 42. Nxg7 Kxg7 43. Qf4 Be6 44. Bg2 Nd8 45. Qb8 Nf7 46.
Bf3 Qd7 47. Qf4 Qe7 48. Kf2 Bc4 49. h4 Ne5 50. Bxe5 fxe5 51. Qd2 Qf6 52. Kg2 Bf7 53.
Qd7 Kh6 54. Be2 Qe6 55. Qd2+ Kg7 56. Bf1 Qb3 57. Be2 Qe6 58. Bf3 Qc4 59. Kf2 Be6 60.
Qd6 Qd4+ 61. Qxd4 exd4 62. Ke2 Kf6 63. e5+ Kxe5 64. Bxc6 Bc4+ 65. Kd2 Kf6 66. Bd7 g5 67. hxg5+ Kxg5 68. c6 Bd5 69. c7 Bb7 70. c8=Q Bxc8 71.
Bxc8 Kf6 72. Kd3 Ke5 73. Bb7 h4 74. gxh4 1-0

[Event "Late-Titled-Tuesday-Blitz-September-19-2023"]
[Site "Chess.com"]
[Date "2023.09.19"]
[Round "4"]
[White "DefiantChair"]
[Black "alertakobra"]
[Result "0-1"]
[WhiteElo "2598"]
[BlackElo "2389"]
[TimeControl "180+1"]
[EndTime "14:38:54 PDT"]
[Termination "alertakobra won by checkmate"]

1. e4 c6 2. d4 d5 3. e5 Bf5 4.
Nf3 e6 5. Be2 c5 6. Be3 Qb6 7.
c4 Qxb2 8. O-O Qxa1 9. Qb3 Nd7 10. Nc3 Qxf1+ 11. Bxf1 O-O-O 12. cxd5 exd5 13. Nb5 a6 14.
Nd6+ Bxd6 15. exd6 c4 16. Bxc4 Ngf6 17. Bf1 Rhe8 18. a4 Nb8 19. Qc3+ Nc6 20. Bxa6 Rxd6 21. Bb5 Ne4 22. Qc1 f6 23. h3 Bd7 24. a5 Rde6 25.
a6 bxa6 26. Bxa6+ Kd8 27. Bf1 Ke7 28. Qa3+ Kf7 29. Qa2 Nb4 30. Qb3 Rb6 31. Bf4 Be6 32. Qa3 Re7 33. g3 g5 34. Bc1 Reb7 35.
Nd2 Nxd2 36. Bxd2 Nc6 37. Qd3 Rb1 38. Qxh7+ Ke8 39. Kg2 Nxd4 40. Qh8+ Kd7 41. Be3 Nf5 42. Qxf6 Nxe3+ 43. fxe3 R7b2+ 44. Kg1 Rd2 45. Qg7+ Kd6 46.
Qc3 Rdd1 47. Qa3+ Kd7 48. Qa7+ Kd6 49. Qa6+ Ke7 50. Qa7+ Kf8 51. Qa3+ Kg7 52. Qc3+ Kg6 53. Kg2 Rxf1 54. Qe5 Bf5 55. Qd6+ Kg7 56. Qe7+ Kg6 57. Qd6+ Kf7 58. Qc7+ Ke6 59. Qc6+ Ke5 60. Qe8+ Kd6 61. Qd8+ Kc5 62. Qc7+ Kb4 63. Qb6+ Kc3 64. Qd4+ Kb3 65. Qc5 Be4+ 66. Kh2 Rf2# 0-1

[Event "Late-Titled-Tuesday-Blitz-September-19-2023"]
[Site "Chess.com"]
[Date "2023.09.19"]
[Round "4"]
[White "rezamahdavi2008"]
[Black "Joshukid"]
[Result "0-1"]
[WhiteElo "2844"]
[BlackElo "2570"]
[TimeControl "180+1"]
[EndTime "14:39:12 PDT"]
[Termination "Joshukid won by resignation"]

1. Nf3 d5 2. g3 Nf6 3. Bg2 g6 4. b3 Bg7 5. Bb2 O-O 6. c4 c6 7. O-O Nbd7 8. cxd5 cxd5 9. d3 b6 10. Nc3 Bb7 11. Rc1 Rc8 12. Qd2 Re8 13. Rc2 a6 14. Rfc1 b5 15. a4 Qb6 16. axb5 axb5 17. Nd1 Rxc2 18. Rxc2 e5 19. Qe3 d4 20. Qc1 Nd5 21. Nd2 N7f6 22. Ne4 Nxe4 23. Bxe4 Bf8 24. Ba3 b4 25.
Bxd5 Bxd5 26. Bb2 Bxb3 27. Rc6 Qb5 28. Rc7 Bd6 29. Ra7 Qc5 30. Qxc5 Bxc5 31. Ra1 Bf8 32. Kf1 Bxd1 33. Rxd1 Ra8 34. Rb1 Rc8 35. Ke1 Rc2 36. Kd1 b3 37. Bc1 Ra2 38. Rxb3 Ra1 39. Rb8 Kg7 40.
Kc2 Ba3 41. Bxa3 Rxa3 42. Kb2 Ra5 43. Kb3 Ra1 44. Kc4 Ra2 45. f4 exf4 46. Re8 fxg3 47.
hxg3 Ra4+ 48. Kd5 Kf6 49. Re4 h5 50. Rxd4 Rxd4+ 51. Kxd4 Kf5 52. Ke3 g5 53. Kf3 Ke5 54. e3 f5 55. Kg2 Kd5 56. Kf2 Kc5 57. Ke2 Kb4 58. Kf3 Kc3 59. d4 Kc4 60. Ke2 Kd5 61. Kf3 Kd6 62. Kf2 Ke6 63. Ke2 Kf6 64. Kd3 Kg6 65. Ke2 Kf7 66. Kf3 Ke6 67. Kf2 Kd5 68. Kf3 Kd6 69. Ke2 Kc6 70. Kd3 Kd5 71. Kd2 Ke4 72. Ke2 h4 73. gxh4 gxh4 74. Kf2 h3 75.
Kg1 Kxe3 76. d5 f4 77. d6 f3 78. d7 f2+ 79. Kh2 f1=Q 0-1

[Event "Late-Titled-Tuesday-Blitz-September-19-2023"]
[Site "Chess.com"]
[Date "2023.09.19"]
[Round "4"]
[White "Laico"]
[Black "Rital44"]
[Result "0-1"]
[WhiteElo "2382"]
[BlackElo "2562"]
[TimeControl "180+1"]
[EndTime "14:39:33 PDT"]
[Termination "Rital44 won on time"]

1. e4 g6 2. Nc3 Bg7 3. f4 c5 4. Nf3 Nc6 5. Bb5 d6 6. Bxc6+ bxc6 7. d3 e6 8. O-O Ne7 9. e5 d5 10. Na4 Qa5 11. c4 O-O 12. b3 Rd8 13. Qe2 Nf5 14.
Ba3 Bf8 15. Rac1 Ba6 16. g4 Nd4 17. Qf2 dxc4 18. dxc4 Nxf3+ 19. Qxf3 Rd2 20. Qc3 Qxc3 21. Nxc3 Rad8 22. Rcd1 R2d4 23. h4 Rd3 24. Kg2 Be7 25. Rxd3 Rxd3 26. Rf3 Rd2+ 27. Rf2 Rd3 28. Rf3 Rd4 29.
Bc1 h5 30. g5 Kf8 31. Be3 Rd3 32. Bc1 Rd7 33. Kf2 Bd8 34. Ke2 Bb6 35. Rd3 Rd4 36. Be3 Ke7 37. Bxd4 cxd4 38. Na4 c5 39. Nxb6 axb6 40.
Kd2 Bb7 41. Rg3 Be4 42. Rg1 Kd7 43. Ra1 Kc6 44. a3 b5 45. Rc1 bxc4 46. bxc4 Kb6 47. Ra1 Ka5 48. Kc1 Bd3 49. Kb2 Bxc4 50. Rc1 Kb5 51. a4+ Kb4 52. a5 Ba6 53. Kc2 c4 54. Kd2 c3+ 55. Kd1 d3 56. Rb1+ Kxa5 57. Rb3 c2+ 58.
Kd2 Bc4 59. Rb7 Ka4 60. Rxf7 Ka3 61. Rb7 Bb3 62. Rc7 Kb2 63. Rc5 Ba4 64. Rc3 Bb5 65. Rc8 Ba4 66. Rc3 Bb3 67. Rc7 Bd5 68. Rc3 Ba8 69.
Rc7 Kb3 70. Rc3+ Kb2 71. Rc8 Bd5 72. Rc7 Kb3 73. Rc3+ Kb2 74. Rc5 Be4 75. Rb5+ Ka3 76. Rc5 Kb3 77. Rc3+ Kb2 78. Rc7 Bd5 79. Rc5 Kb3 80.
Rc3+ Kb2 81. Rc8 Ka3 82. Rb8 Bc4 83. Rc8 Kb3 84. Rb8+ Ka3 85. Rc8 Bb5 86. Rc5 Kb4 87. Rc7 Bc4 88. Rc8 Kb3 89. Rc7 Ka4 90. Rxc4+ Kb3 91.
Rc7 Kb2 0-1

[Event "Late-Titled-Tuesday-Blitz-September-19-2023"]
[Site "Chess.com"]
[Date "2023.09.19"]
[Round "4"]
[White "filipluczak05"]
[Black "cassoulet"]
[Result "1/2-1/2"]
[WhiteElo "2564"]
[BlackElo "2760"]
[TimeControl "180+1"]
[EndTime "14:39:35 PDT"]
[Termination "Game drawn - insufficient material"]

1. d3 Nf6 2. g3 g6 3. Bg2 Bg7 4. e4 O-O 5. Ne2 d6 6. O-O c5 7.
c4 Nc6 8. Nbc3 a6 9. Rb1 Rb8 10. b3 b5 11. h3 Bd7 12. Be3 Qa5 13. Qd2 Rfc8 14. Nd5 Qxd2 15. Bxd2 Nxd5 16. exd5 Ne5 17.
Nf4 Bf5 18. Rbe1 g5 19. g4 Bd7 20. Nh5 f6 21. Be4 Be8 22. Ng3 Bg6 23. Nf5 Kf7 24.
f3 h5 25. Kg2 Rh8 26. Bc3 hxg4 27. hxg4 Rh7 28. Rh1 Rbh8 29. Rxh7 Rxh7 30. Bxe5 fxe5 31. Ng3 Rh8 32. Bxg6+ Kxg6 33. Rh1 Rb8 34. Ne4 Bf6 35. Kg3 bxc4 36. dxc4 a5 37. Rb1 a4 38. Kf2 axb3 39.
Rxb3 Ra8 40. a3 Ra4 41. Rc3 Kf7 42. Ke3 Ke8 43. Kd3 Kd7 44. Kc2 Ra8 45. Kb3 Kc7 46. a4 Kb6 47. Ka3 Ka6 48. Rb3 Rh8 49. Rc3 Rh3 50.
Rb3 Rh8 51. Rc3 Rh1 52. Kb3 Rb1+ 53. Ka2 Rb4 54. Ka3 Ka5 55. Rc2 Rxa4+ 56. Kb3 Rb4+ 57.
Kc3 Ra4 58. Kb3 Ra1 59. Kc3 Ra3+ 60. Kd2 Rxf3 61. Rb2 Rf4 62. Ke3 Rxg4 63. Rb5+ Ka4 64. Rb8 Rf4 65. Rg8 Kb4 66. Nd2 Kc3 67. Ra8 e4 68. Ra3+ Kb4 69. Rb3+ Ka4 70. Rb7 Bd4+ 71. Ke2 Rf2+ 72. Kd1 e3 73. Ne4 Rf4 74. Nxg5 Rf1+ 75. Ke2 Rf2+ 76. Kd1 e2+ 77. Ke1 Rg2 78. Nf3 Bc3+ 79.
Nd2 Rh2 80. Rxe7 Bf6 81. Rxe2 Rh1+ 82. Kf2 Bd4+ 83. Kf3 Kb4 84. Ke4 Rh4+ 85. Kf5 Bc3 86. Ne4 Be5 87. Ke6 Rh6+ 88. Kd7 Kxc4 89. Kc6 Rh8 90.
Nxd6+ Bxd6 91. Kxd6 Rh6+ 92. Ke5 Rh5+ 93. Ke4 Rh4+ 94.
Ke5 Rh5+ 95. Ke4 Rxd5 96. Rc2+ Kb3 97. Kxd5 Kxc2 98. Kxc5 1/2-1/2

[Event "Late-Titled-Tuesday-Blitz-September-19-2023"]
[Site "Chess.com"]
[Date "2023.09.19"]
[Round "4"]
[White "Njal28"]
[Black "Beca95"]
[Result "1/2-1/2"]
[WhiteElo "3108"]
[BlackElo "2858"]
[TimeControl "180+1"]
[EndTime "14:39:46 PDT"]
[Termination "Game drawn - insufficient material"]

1. e4 e5 2. Nf3 Nf6 3. d4 Nxe4 4. Nxe5 d5 5. Bd3 Nd7 6. Nxd7 Bxd7 7. O-O Bd6 8. Nc3 Nxc3 9. bxc3 Qh4 10. Re1+ Kf8 11. g3 Qh3 12. Bf1 Qg4 13. Be2 Qh3 14. Rb1 b6 15. c4 dxc4 16. Bxc4 Bc6 17. d5 Bd7 18.
Bf1 Qg4 19. Be2 Qh3 20. Qd4 h5 21. Bf1 Qf5 22. Bd3 Qh3 23. Bf1 Qg4 24. Bb2 Qxd4 25. Bxd4 h4 26. c4 hxg3 27. fxg3 c5 28. Be5 Rh6 29.
Bxd6+ Rxd6 30. Re3 Re8 31. Ra3 a5 32. Rab3 Rb8 33.
Re3 a4 34. Bd3 Re8 35. Rxe8+ Kxe8 36. h4 Kd8 37. Kf2 b5 38. cxb5 Rxd5 39. b6 Kc8 40.
Be4 Rd4 41. Ke3 f5 42. Bf3 Rd6 43. b7+ Kb8 44. Rc1 Bc6 45. Rxc5 Bxf3 46. Kxf3 g6 47.
Ra5 Rd4 48. h5 gxh5 49. Rxf5 Rd3+ 50. Kg2 Ra3 51. Rf2 Kxb7 52. Kh3 Kc6 53. Kh4 Kd6 54. Rg2 Ke6 55. Kxh5 Kf7 56. g4 Rd3 57. g5 Kg7 58. Rc2 Rh3+ 59. Kg4 Rh1 60. Rc7+ Kg6 61. Rc6+ Kg7 62.
Ra6 Rg1+ 63. Kf5 Rf1+ 64. Ke4 Rg1 65. Kf4 Rf1+ 66. Ke5 Rg1 67. Kf4 Rf1+ 68. Ke3 Rg1 69. Rxa4 Rxg5 70. Kd3 Kf7 71. Re4 Rg3+ 72. Kc4 Ra3 73.
Re2 Ra8 74. Kb4 Rb8+ 75. Kc5 Ra8 76. Kb5 Rb8+ 77. Kc6 Ra8 78. Kb7 Ra3 79. Kb6 Ra8 80. Kb5 Rb8+ 81. Kc4 Rc8+ 82. Kb4 Rb8+ 83. Kc3 Rc8+ 84.
Kb2 Rb8+ 85. Kc1 Re8 86. Rc2 Ke7 87. a4 Kd7 88. Kb2 Rc8 89. Rh2 Kc7 90. Ka3 Kb8 91.
Rb2+ Ka7 92. Rb4 Rc7 93. Rh4 Rd7 94. a5 Re7 95. Ka4 Rf7 96. Rc4 Re7 97. Rc5 Rf7 98.
Kb5 Rb7+ 99. Kc6 Ka6 100. Rh5 Rb8 101. Kc7 Rb5 102. Rxb5 Kxb5 103. a6 Kxa6 1/2-1/2

[Event "Late-Titled-Tuesday-Blitz-September-19-2023"]
[Site "Chess.com"]
[Date "2023.09.19"]
[Round "4"]
[White "SergioMoralesG"]
[Black "ural58"]
[Result "1-0"]
[WhiteElo "2437"]
[BlackElo "2547"]
[TimeControl "180+1"]
[EndTime "14:39:48 PDT"]
[Termination "SergioMoralesG won on time"]

1. d4 d5 2. c4 e5 3. dxe5 d4 4. Nf3 Nc6 5. Nbd2 a5 6. Nb3 Bg4 7.
Nfxd4 Bb4+ 8. Bd2 Nxd4 9. Bxb4 Nxb3 10. Qxb3 axb4 11. Qg3 Qd4 12. f3 Qxb2 13. Rd1 Qc3+ 14. Kf2 Qxc4 15. e3 Qxa2+ 16. Be2 Nh6 17. Ra1 Qxa1 18.
Rxa1 Rxa1 19. fxg4 O-O 20. Bc4 Rc1 21. Qf4 Kh8 22.
e6 Ng8 23. exf7 Nf6 24. g5 Nd7 25. Qxc7 Rd1 26. Be6 g6 27. Kg3 Kg7 28. Qc4 Ne5 29. Qxb4 Nxf7 30. Qb2+ Kg8 31. Qxb7 Rd6 32. Bxf7+ Kh8 33.
h4 h5 34. Qb2+ Kh7 35. Bc4 Rfd8 36. Be2 R6d7 37. Qb6 Rd6 38. Qb7+ R8d7 39. Qb4 Re6 40. Bf3 Rde7 41. Qb5 Rxe3 42. Qc5 R3e5 43. Qd6 R5e6 44. Qd5 Kg7 45. Qd4+ Re5 46. Qc4 Kf8 47. Qc6 Kg7 48. Qc8 R5e6 49. Qb8 Re5 50. Qb2 Kh7 51. Kf4 R5e6 52.
Kg3 Re5 53. Qd4 R5e6 54. Bd1 Re3+ 55. Kh2 R3e4 56. Qf2 Kg7 57. Bc2 R4e6 58. Qd4+ Kh7 59. Qd3 Rg7 60. g3 Ree7 61. Kh3 Rd7 62. Qc3 Rc7 63. Qb3 Rb7 64. Qd3 Rbd7 65. Qe4 Rde7 66. Qf3 Ref7 67. Qe2 Kh8 68. Be4 Re7 69. Qd3 Kh7 70. Qc2 Rc7 71. Qd3 Rcd7 72. Qb1 Rde7 73. Qd3 Rd7 74. Qf3 Rdf7 75. Qe3 Re7 76. Qf3 Kg8 77.
Bd3 Rd7 78. Bc4+ Kh7 79. Qf4 Rdf7 80. Qe4 Re7 81. Qd3 Rd7 82. Qe2 Rde7 83. Qc2 Rc7 84.
Qd3 Rgd7 85. Qe2 Re7 86. Qf1 Rg7 87. Bd3 Rcd7 88. Qe2 Kh8 89. Qe8+ Kh7 90. Bxg6+ 1-0

[Event "Late-Titled-Tuesday-Blitz-September-19-2023"]
[Site "Chess.com"]
[Date "2023.09.19"]
[Round "4"]
[White "artin10862"]
[Black "atigerman"]
[Result "0-1"]
[WhiteElo "2915"]
[BlackElo "2685"]
[TimeControl "180+1"]
[EndTime "14:40:53 PDT"]
[Termination "atigerman won by checkmate"]

1. c4 Nf6 2. Nc3 c5 3. Nf3 b6 4. d4 cxd4 5. Nxd4 Bb7 6. a3 g6 7. f3 Bg7 8. e4 O-O 9. Be3 e6 10. Be2 Nc6 11. O-O d5 12. cxd5 exd5 13. Nxc6 Bxc6 14.
e5 Nd7 15. f4 Nc5 16. Bxc5 bxc5 17. Bf3 Qb6 18. Nxd5 Bxd5 19. Bxd5 Rad8 20. Qb3 Qxb3 21. Bxb3 Rd2 22. Rf2 Rxf2 23. Kxf2 Rb8 24. Bc4 Rxb2+ 25. Kf3 Rc2 26. Bd5 Rd2 27. Bc4 Rd4 28. Rc1 g5 29.
fxg5 Bxe5 30. g3 Kg7 31. h4 f6 32. gxf6+ Kxf6 33. Bb5 Bd6 34. Re1 Rd2 35. Bc4 Be5 36.
g4 Rd4 37. Be2 Ra4 38. g5+ Ke6 39. Bb5 Rxh4 40. Rd1 Rf4+ 41. Ke3 Rh4 42. Bd7+ Ke7 43. Bf5 Bf4+ 44. Kf3 Bxg5 45. Rd7+ Kf6 46. Bxh7 Rh3+ 47. Ke4 Rxa3 48. Rd6+ Ke7 49. Rc6 Be3 50. Bf5 Bd4 51.
Kd5 Re3 52. Rc7+ Kf6 53. Bc2 a5 54. Ra7 Re5+ 55. Kc4 Re3 56. Bd3 Re1 57. Rxa5 Ke5 58. Ra8 Rc1+ 59. Kb5 Rc3 60. Re8+ Kd6 61. Bc4 Rc1 62.
Re6+ Kd7 63. Rg6 Rb1+ 64. Ka6 Ra1+ 65. Kb6 Rb1+ 66. Bb5+ Ke7 67. Kc6 Re1 68. Bc4 Rb1 69. Re6+ Kf8 70. Rd6 Rg1 71. Rd8+ Ke7 72. Rd7+ Kf6 73.
Rf7+ Ke5 74. Re7+ Kf6 75. Re6+ Kf5 76. Re8 Rg6+ 77. Kd5 Rf6 78. Bd3+ Kf4 79. Re4+ Kf3 80. Re8 Bf2 81. Be4+ Kg3 82. Rg8+ Kf4 83. Bc2 Rf7 84. Kc4 Bd4 85. Bd3 Be3 86. Re8 Bd4 87. Re4+ Kf3 88. Re6 Rf4 89. Kd5 Be3 90. Bb5 Rd4+ 91. Kc6 Rf4 92. Kb7 c4 93. Rc6 Rf7+ 94. Kc8 Rf8+ 95. Kd7 Rf7+ 96. Ke8 Rf5 97. Bxc4 Rc5 98. Rf6+ Ke4 99.
Ba6 Bf4 100. Bb7+ Ke5 101. Rg6 Rc7 102. Ba6 Rc1 103. Kd7 Kf5 104. Rg8 Rc7+ 105. Kd8 Ra7 106. Bc8+ Ke5 107. Re8+ Kf6 108. Re6+ Kf7 109. Re8 Bg5+ 110. Re7+ Bxe7# 0-1

[Event "Late-Titled-Tuesday-Blitz-September-19-2023"]
[Site "Chess.com"]
[Date "2023.09.19"]
[Round "5"]
[White "GadimbayliA"]
[Black "ozates"]
[Result "1-0"]
[WhiteElo "2835"]
[BlackElo "2588"]
[TimeControl "180+1"]
[EndTime "14:49:30 PDT"]
[Termination "GadimbayliA won by resignation"]

1. e4 c5 2. Nf3 Nc6 3. Bb5 g6 4. Bxc6 bxc6 5. d4 Bg7 6. dxc5 Ba6 7. Nbd2 Qa5 8. Rb1 Qxc5 9. b4 Qb6 10. c4 c5 11. bxc5 Qxc5 12. O-O d6 13. Qa4+ Kf8 14. Qxa6 Nf6 15. Ba3 Qh5 16. h3 g5 17. Rb5 Bh6 18.
e5 1-0

[Event "Late-Titled-Tuesday-Blitz-September-19-2023"]
[Site "Chess.com"]
[Date "2023.09.19"]
[Round "5"]
[White "MalyDominator"]
[Black "MajorCoast"]
[Result "0-1"]
[WhiteElo "2434"]
[BlackElo "2299"]
[TimeControl "180+1"]
[EndTime "14:49:41 PDT"]
[Termination "MajorCoast won by resignation"]

1. d4 d5 2. Nf3 Nf6 3. Ne5 c5 4. g3 e6 5. Bg2 cxd4 6. Qxd4 Nc6 7. Nxc6 bxc6 8. O-O Qb6 9. Qh4 Be7 10. Nc3 Ba6 11.
Rd1 Ne4 12. Qg4 Nxf2 13. Qd4 Bc5 14. Qxg7 Nxd1+ 15. Kf1 Bd4 0-1